Unix NetHack Version 3.7.0-65 Work-in-progress - last build Oct 3 2022 04:20:45 (938f679fcd32a3c70215a73001258fd12811ee3d,branch:master). Game began 2022-10-07 10:01:31, ended 2022-10-07 10:26:23. y4k4r1, chaotic female orcish Barbarian $ $$ --------- $$ |.......|0### ! |.......| ## o |.......|## # + |..<....| @Cf# -----|--- # # $ ## ########### # ## $ ## ## ############### # # ### ## # # ##$## ### ------ # #-------- $ # # 0###|....| #########.......| ---.--.------ ###.....| #|......- $ |...........| ##|....| |......| 0 |...........| #|....| #|..^...| |...........| $ #.....| #.......| [) |...........| ------ -------- ------------- * Y4k4r1 the Bandit St:18/02 Dx:17 Co:16 In:7 Wi:8 Ch:7 Chaotic S:2689 Dlvl:7 $:193 HP:0(50) Pw:13(13) AC:10 Xp:6/539 T:3755 Latest messages: The plains centaur shoots a crossbow bolt! A crossbow bolt misses you. You swap places with your kitten. You materialize in a different location! You hear some noises in the distance. The plains centaur swings his crossbow. The plains centaur hits! The plains centaur kicks! The plains centaur swings his crossbow. The plains centaur hits! The plains centaur kicks! You miss the plains centaur. The plains centaur swings his crossbow. The plains centaur just misses! The plains centaur kicks! The plains centaur swings his crossbow. The plains centaur just misses! The plains centaur kicks! You miss the plains centaur. The plains centaur swings his crossbow. The plains centaur hits! The plains centaur kicks! The plains centaur swings his crossbow. The plains centaur hits! The plains centaur kicks! What do you want to drink? [nzI or ?*] You detect the presence of objects. (For instructions type a '?') What do you want to drink? [nz or ?*] You feel a little strange. You turn into an ettin zombie! You break out of your armor! Your cloak tears apart! You hear some noises in the distance. There is nothing here to pick up. You hear some noises. You hear some noises in the distance. The plains centaur swings his crossbow. The plains centaur hits! The plains centaur kicks! The plains centaur swings his crossbow. The plains centaur hits! The plains centaur kicks! The kitten bites the plains centaur. The plains centaur swings his crossbow. The plains centaur hits! You return to orcish form! The plains centaur kicks! You die... Do you want your possessions identified? [ynq] (y) Inventory: Coins $ - 193 gold pieces Weapons J - 2 +0 daggers D - a +1 orcish dagger H - a +0 orcish dagger (at the ready) a - a +0 battle-axe (weapon in hands) b - a +0 orcish short sword Comestibles i - 3 uncursed apples A - 2 uncursed candy bars labeled "The Small Bar" j - 7 uncursed food rations m - an uncursed fortune cookie r - 5 uncursed oranges e - an uncursed pear f - an uncursed tripe ration p - an uncursed tin of candied goblin meat Scrolls o - an uncursed scroll of enchant weapon x - 2 uncursed scrolls of identify E - an uncursed scroll of light Spellbooks y - a blessed spellbook of healing u - an uncursed spellbook of healing Potions n - an uncursed potion of sleeping Rings t - a cursed ring of conflict Tools F - a blessed brass lantern K - a blessed can of grease (0:17) Gems/Stones B - an uncursed amethyst stone k - an uncursed worthless piece of blue glass w - 2 uncursed worthless pieces of red glass q - 2 uncursed worthless pieces of yellowish brown glass Y4k4r1 the Barbarian's attributes: Background: You were a Bandit, a level 6 female orcish Barbarian. You were chaotic, nominally on a mission for Set who was opposed by Mitra (lawful) and Crom (neutral). You were in the Dungeons of Doom, on level 7. You entered the dungeon 3755 turns ago. You had 539 experience points, 101 more were needed to attain level 7. Your score was 2689 before end-of-game adjustments. Basics: You had 0 out of 50 hit points. You had all 13 energy points (spell power). Your armor class was 10. Your wallet contained 193 zorkmids. Autopickup was on for '$?!/="+' plus thrown, with exceptions. Final Characteristics: Your strength was 18/02 (limit:18/50). Your dexterity was 17 (limit:18). Your constitution was 16 (limit:18). Your intelligence was 7 (limit:16). Your wisdom was 8 (limit:16). Your charisma was 7 (limit:16). Final Status: You were not hungry. You were unencumbered. You were wielding an axe. You had basic skill with axe and could have enhanced that. You were not wearing any armor. Final Attributes: You were piously aligned. You were poison resistant. You had infravision. You are dead. Miscellaneous: You never encountered a bones level. Total elapsed playing time was 24 minutes and 51 seconds. Major events: Turn 1: y4k4r1 the chaotic female orcish Barbarian entered the dungeon 584: attained the rank of Pillager (level 3) 3414: attained the rank of Bandit (level 6) 3755: killed by a plains centaur Vanquished creatures: a dwarf mummy 3 brown puddings a blue jelly a dust vortex a snake 3 human zombies a wood nymph a rock mole a fog cloud a yellow light 2 paper golems a floating eye a kitten a kobold shaman a centipede a werejackal 2 iguanas 4 coyotes 5 hobbits a large kobold 3 cave spiders a brown mold a yellow mold a gnome a gnome zombie 6 geckos 10 jackals 3 foxes 2 kobolds 2 goblins 3 sewer rats 11 grid bugs 4 lichens a kobold zombie 5 newts 87 creatures vanquished. No species were genocided or became extinct. Voluntary challenges: You were an atheist. You read items or engraved 2 times. You never engraved Elbereth. You never genocided any monsters. You never polymorphed an object. You used no wishes. Achievements: You attained the rank of Pillager. You attained the rank of Bandit. The Dungeons of Doom: levels 1 to 7 Level 1: Some fountains. Level 2: Level 3: A fountain. Level 4: Level 5: Level 6: Level 7: <- You were here. Final resting place for you, killed by a plains centaur. Game over: ---------- / \ / REST \ / IN \ / PEACE \ / \ | y4k4r1 | | 193 Au | | killed by a | | plains centaur | | | | | | 2022 | *| * * * | * _________)/\\_//(\/(/\)/\//\/|_)_______ Goodbye y4k4r1 the Barbarian... You died in The Dungeons of Doom on dungeon level 7 with 2670 points, and 193 pieces of gold, after 3755 moves. You were level 6 with a maximum of 50 hit points when you died.